 Dungeon Crawl Stone Soup version 0.30-b1-2-g02819fbbbe (webtiles) character file.

Game seed: 17653759657582040060

7 Alarkh the Sneak (level 1, -1/18 HPs)
             Began as a Demonspawn Delver on May 23, 2023.
             Splashed by a jelly's acid (8 damage)
             ... on level 5 of the Dungeon.
             The game lasted 00:00:55 (156 turns).

Alarkh the Sneak (Demonspawn Delver)                 Turns: 156, Time: 00:00:56

Health: -1/18      AC: -5    Str: 12    XL:     1   Next: 91%
Magic:  1/1        EV: 11    Int: 11    God:
Gold:   0          SH:  0    Dex: 14    Spells: 0/0 levels left

rFire   . .          .
                       - Unarmed
rCold   . . .        (no shield)
rNeg    . . .        a - +0 leather armour
rPois   .            (no helmet)
rElec   .            (no cloak)
rCorr   .            (no gloves)
SInv    .            (no boots)
Will    .....        (no amulet)
Stlth   ++           (no ring)
HPRegen 0.23/turn    (no ring)
MPRegen 0.07/turn

%: no passive effects
@: corroded
A: no striking features
a: no special abilities


You were on level 5 of the Dungeon.
You visited 1 branch of the dungeon, and saw 1 of its levels.

Inventory:

Armour
 a - a +0 leather armour (worn)
Wands
 f - a wand of digging (3)
Scrolls
 b - a scroll of fog
 d - a scroll of fear


   Skills:
 - Level 3.0 Fighting
 - Level 1.7 Dodging
 - Level 4.5 Stealth
 + Level 2.4 Unarmed Combat


You couldn't memorise any spells.
You didn't know any spells.
Your spell library was empty.

Dungeon Overview and Level Annotations

Branches:
Dungeon (5/15)
 Temple: D:4-7

Altars:
Qazlal


Message History

The orc is moderately wounded.
The orc hits you but does no damage.
You hit the orc. You punch the orc, but do no damage.
The orc is severely wounded.
You hit the orc.
The orc is almost dead.
The orc hits you but does no damage.
You closely miss the orc.
The orc is almost dead.
You hit the orc but do no damage.
The orc is almost dead.
The orc hits you with a +0 dagger.
You hit the orc.
The orc is almost dead.
The orc hits you with a +0 dagger.
You barely miss the orc.
The orc is almost dead.
You hit the orc.
You kill the orc!
Press: ? - help, v - describe, . - travel, g - get item
Items here: a +0 dagger; a +0 leather armour; an orc corpse.
The floor.
Unknown command.
Your extra speed is starting to run out.
The jelly jiggles.
You feel yourself slow down. 2 orcs come into view.
An orc comes into view. It is wielding a +0 war axe.
The orc shouts! x2; You hear a shout! x2
An orc comes into view. It is wielding a +0 dagger.
The orc shouts! x2
The jelly hits you but does no damage. The jelly attacks as you move away!
The jelly barely misses you. The jelly attacks as you move away!
The jelly hits you. The acid corrodes you!
You are splashed with acid!
Ouch! That really hurt!
Found a stormy altar of Qazlal.
Found a stone staircase leading down.
The jelly attacks as you move away! The jelly hits you. The acid corrodes you!
You are splashed with acid!
You die...

*,*************,,*+*,,*********
***,******* *,.#_#..,,<,,,<,,
,,,,,,,,,,*
##**,.#'#..*********
***,*****,* #.,,,.....>* * *,*
*,####.*##.....,* * *,*
*,,....##....#*,* ***,***
****#..#.....##.*********
,,,,,,* #...........,,,,,,,,,
***,*,* ##.#@....#*********** *
*,*,* #.#J.....# *,*,*
*#.###...# *,*,* #o# *##.#
*,*,**######.## #o#
*,,,,.........## #.#
***,*#####.#.#.###.# *,***
#.#...o..o# * *,,,* #,#.#.###.#


You could see a jelly and an orc.

Vanquished Creatures
  An ufetubus (D:5)
  An orc (D:5)
2 creatures vanquished.

Notes
Turn   | Place    | Note
-------+----------+-------------------------------------------
     0 | D:5      | Alarkh the Demonspawn Delver began the quest for the Orb.
     0 | D:5      | Reached XP level 1. HP: 18/18 MP: 1/1
    29 | D:5      | Noticed an orc wizard
    29 | D:5      | Noticed an orc wizard
    64 | D:5      | Noticed a jelly
   155 | D:5      | Found a stormy altar of Qazlal.
   156 | D:5      | Splashed by a jelly's acid

Illustrated notes

Levels and vault maps discovered:
D:5:      layout_loops_ring, kennysheep_mini_moat, nzn_wu_jian_council_hall

Skill      XL: |  1 |
---------------+----+-----
Unarmed Combat | 2 |  2.4
Fighting       | |  3.0
Dodging        | |  1.7
Stealth        | |  4.5

Action                     || total
---------------------------++-------
  Melee: Unarmed           ||    14
         Punch             ||     1
    Use: Scroll            ||     1
         Potion            ||     1
 Armour: Leather armour    ||     6
  Dodge: Dodged            ||     3
